 Dungeon Crawl Stone Soup version 0.29-a0-451-gfbfa42419e (webtiles) character file.

Game seed: 399699292685508963

4323 xian the Destroyer (level 10, -8/78 HPs)
             Began as a Purple Draconian Conjurer on May 19, 2022.
             Was an Initiate of Gozag.
             Mangled by a two-headed ogre
             ... wielding a +0 giant club
              (10 damage)
             ... on level 8 of the Dungeon.
             The game lasted 00:36:39 (9796 turns).

xian the Destroyer (Purple Draconian Conjurer)      Turns: 9796, Time: 00:36:40

Health: -8/78      AC:  7    Str:  9    XL:     10   Next: 11%
Magic:  14/22      EV: 15    Int: 21    God:    Gozag
Gold:   322        SH:  5    Dex: 20    Spells: 13/25 levels left

rFire   . . .      SeeInvis .   x - +5 hand axe of the Goat {flame, rElec rC+ Int-3 Dex+5}
rCold   + . .      Faith    .   d - orb {guile}
rNeg    . . .      Spirit   .   (body armour unavailable)
rPois   .          Reflect  +   (helmet restricted)
rElec   +          Harm     .   D - scarf {shadows}
rCorr   .          Rampage  .   (no gloves)
Will    .....                   (no boots)
Stlth   +++.......              e - amulet of reflection
HPRegen 0.23/turn               B - +6 ring of dexterity
MPRegen 0.18/turn               y - ring of flight

@: short of breath, gold aura, flying
A: breathe power, AC +7, unfitting armour, cold-blooded
a: Breathe Dispelling Energy, Renounce Religion, Potion Petition, Call Merchant,
Bribe Branch


You were on level 8 of the Dungeon.
You worshipped Gozag.
Gozag was aware of your devotion.
You visited 1 branch of the dungeon, and saw 8 of its levels.

You collected 809 gold pieces.
You spent 440 gold pieces at shops.
You paid 47 gold pieces to Gozag.

Inventory:

Hand Weapons
 x - the +5 hand axe of the Goat (weapon) {flame, rElec rC+ Int-3 Dex+5}
   (You found it on level 3 of the Dungeon)

   It burns those it strikes, dealing additional fire damage.
   Big, fiery blades are also staple armaments of hydra-hunters.
   Int:       It affects your intelligence (-3).
   Dex:       It affects your dexterity (+5).
   rC:        It protects you from cold.
   rElec:     It insulates you from electricity.
Missiles
 v - 4 atropa-tipped darts
Armour
 d - an orb of guile (worn)
 h - a +2 leather armour of willpower
 D - a scarf of shadows (worn)
Jewellery
 e - an amulet of reflection (around neck)
 i - a ring of willpower
 j - a ring of see invisible
 u - an amulet of guardian spirit
 y - a ring of flight (right hand)
 B - a +6 ring of dexterity (left hand)
 C - a +6 ring of dexterity
Scrolls
 b - a scroll of silence {unknown}
 f - 4 scrolls of teleportation
 g - a scroll of magic mapping
 k - a scroll of noise
 l - 2 scrolls of enchant weapon {unknown}
 o - 4 scrolls of fear
 p - 3 scrolls of vulnerability
 r - a scroll of fog {unknown}
 w - a scroll of amnesia
 A - a scroll of blinking
 F - a scroll of brand weapon {unknown}
 G - a scroll of summoning {unknown}
Potions
 a - a potion of magic
 c - a potion of lignification {unknown}
 m - 3 potions of cancellation {unknown}
 n - 2 potions of brilliance
 q - a potion of attraction {unknown}
 s - 3 potions of curing
 t - 3 potions of heal wounds
 z - a potion of might {unknown}
 E - a potion of mutation {unknown}


   Skills:
 + Level 4.0 Fighting
 + Level 4.2(4.3) Axes
 + Level 1.1(2.9) Maces & Flails
 + Level 5.5 Dodging
 + Level 4.0 Stealth
 + Level 4.2 Shields
 + Level 8.4 Spellcasting
 + Level 8.7 Conjurations


You had 13 spell levels left.
You knew the following spells:

 Your Spells              Type           Power      Damage    Failure   Level
a - Magic Dart            Conj           100%       1d8       1%          1
b - Searing Ray           Conj           90%        2d7       1%          2
c - Iskenderun's Mystic   Conj/Tloc      27%        2d7       13%         4
d - Tukima's Dance        Hex            8%         N/A       22%         3
e - Passwall              Tmut/Erth      6%         N/A       12%         2

Your spell library contained the following spells:

 Spells                   Type           Power      Damage    Failure   Level
 Dazzling Flash           Conj/Hex       54%        N/A       3%          3
 Stone Arrow              Conj/Erth      54%        3d10      3%          3
 Mephitic Cloud           Conj/Pois/Air  21%        N/A       7%          3
 Sandblast                Erth           16%        2d6       8%          1
 Call Imp                 Summ           8%         N/A       12%         2
 Ensorcelled Hibernation  Hex/Ice        16%        N/A       12%         2
 Fulminant Prism          Conj/Hex       13%        3d9       13%         4
 Portal Projectile        Hex/Tloc       16%        N/A       22%         3
 Swiftness                Air            8%         N/A       22%         3
 Dispel Undead            Necr           8%         3d8       58%         4
 Passage of Golubria      Tloc           8%         N/A       58%         4
 Blade Hands              Tmut           4%         N/A       91%         5
 Silence                  Hex/Air        4%         N/A       91%         5
 Death Channel            Necr           4%         N/A       100%        6
 Lehudib's Crystal Spear  Conj/Erth      13%        10d5      100%        8
 Corpse Rot               Necr/Pois/Air  Unusable   N/A       N/A         4

Dungeon Overview and Level Annotations

Branches:
Dungeon (8/15)             Temple (0/1) D:4
   Lair: D:8-11

Altars:
Ashenzari
Gozag
Makhleb
Nemelex Xobeh
Okawaru
Ru
Yredelemnul

Shops:
D:5 (   D:8 :


Innate Abilities, Weirdness & Mutations

You can breathe bolts of dispelling energy.
Your rich purple scales are hard. (AC +7)
You cannot fit into any form of body armour.
You are cold-blooded and may be slowed by cold attacks.


Message History

Confirm with . or Enter, or press ? or * to list all spells.
Aiming: Searing Ray (safe; 1% risk of failure)
Press: ? - help, Shift-Dir - straight line, f/p - two-headed ogre
Aim: a two-headed ogre, wielding two +0 giant clubs (lightly wounded, 91% to hit)
The searing ray hits the two-headed ogre!
The two-headed ogre is moderately wounded. (Press . to maintain the ray.)
The searing ray hits the two-headed ogre.
The two-headed ogre is moderately wounded.
The searing ray hits the two-headed ogre!
The two-headed ogre is heavily wounded.
The searing ray hits the two-headed ogre!
The two-headed ogre is severely wounded.
You finish channelling your searing ray.
The two-headed ogre hits you with a +0 giant club!!!
The two-headed ogre hits you with a +0 giant club!
An orc comes into view. It is wielding a +0 club.
The orc shouts!
Casting: Searing Ray (safe; 1% risk of failure)
Confirm with . or Enter, or press ? or * to list all spells.
Aiming: Searing Ray (safe; 1% risk of failure)
Press: ? - help, Shift-Dir - straight line, p - two-headed ogre The searing ray hits the two-headed ogre.
The two-headed ogre is severely wounded. (Press . to maintain the ray.)
The searing ray hits the two-headed ogre.
The two-headed ogre is severely wounded.
The two-headed ogre hits you with a +0 giant club!
* * * LOW HITPOINT WARNING * * *
The two-headed ogre hits you with a +0 giant club!
* * * LOW HITPOINT WARNING * * *
Unknown command.
The searing ray hits the two-headed ogre!
The two-headed ogre is almost dead.
The searing ray hits the orc!
You kill the orc!
The two-headed ogre misses you.
The two-headed ogre hits you with a +0 giant club!
You die...
Your body crumbles into a pile of gold.

#..............##..# #
#.......#########..##.#
#######... ..[.......#
.## #####..####
#........# #.###<.#.###
#..........#
######.####.###
..$..O@....∩#
######.###### #.....#
#.#####


You could see a two-headed ogre.

Vanquished Creatures
  A hornet (D:8)
  6 yaks (D:8)
  A steam dragon (D:6)
  A water moccasin (D:7)
  An orc warrior (D:7)
  An ice beast (D:7)
  2 sky beasts (D:7)
  A black bear (D:5)
  An ogre (D:6)
  3 centaurs (D:8)
  A phantom (D:4)
  2 kobold brigands (D:8)
  2 bullfrogs (D:7)
  A gnoll sergeant (D:7)
  8 scorpions
  2 necrophages
  3 wights (D:6)
  10 killer bees
  A howler monkey (D:6)
  4 hounds
  2 orc priests
  4 iguanas
  3 orc wizards
  6 adders
  7 gnolls
  A shadow imp (D:5)
  2 ufetubi
  2 adder zombies (D:3)
  A worm (D:4)
  4 dart slugs
  19 orcs
  6 ball pythons
  4 endoplasms
  2 giant cockroaches (D:1)
  8 hobgoblins
  3 jackals (D:2)
  14 kobolds
  8 quokkas
  7 bats
  4 frilled lizards
  6 goblins
  3 rats
168 creatures vanquished.

Vanquished Creatures (others)
  An orc wizard (D:8)
1 creature vanquished.

Grand Total: 169 creatures vanquished

Notes
Turn   | Place    | Note
-------+----------+-------------------------------------------
     0 | D:1      | xian the Draconian Conjurer began the quest for the Orb.
     0 | D:1      | Reached XP level 1. HP: 14/14 MP: 3/3
   422 | D:1      | Reached XP level 2. HP: 20/20 MP: 0/5
   854 | D:1      | Learned a level 2 spell: Searing Ray
  1132 | D:1      | Reached XP level 3. HP: 26/26 MP: 4/6
  1554 | D:2      | Found a faded altar of an unknown god.
  2426 | D:3      | Reached XP level 4. HP: 34/34 MP: 2/7
  2517 | D:3      | Found an iron altar of Okawaru.
  2524 | D:3      | Identified the +5 hand axe of the Goat {flame, rElec rC+
                  | Int-3 Dex+5}
  2909 | D:3      | Reached skill level 5 in Conjurations
  3020 | D:3      | Reached skill level 1 in Maces & Flails
  3079 | D:3      | Found a basalt altar of Yredelemnul.
  3479 | D:4      | Found a sacrificial altar of Ru.
  3730 | D:4      | Noticed a phantom
  3737 | D:4      | Killed a phantom
  3738 | D:4      | Reached XP level 5. HP: 32/39 MP: 0/9
  3833 | D:4      | Reached skill level 1 in Fighting
  3960 | D:4      | Reached XP level 6. HP: 47/47 MP: 3/11
  4040 | D:4      | Became a worshipper of Ru the Awakened
  4712 | D:4      | Found a staircase to the Ecumenical Temple.
  4942 | D:5      | Entered Level 5 of the Dungeon
  4942 | D:5      | Found Huyts's Weapon Emporium.
  4948 | D:5      | Learned a level 4 spell: Iskenderun's Mystic Blast
  4999 | D:5      | Found a broken altar of Ashenzari.
  5006 | D:5      | Reached skill level 1 in Shields
  5099 | D:5      | Reached skill level 1 in Axes
  5329 | D:5      | Your scales start taking on a rich purple colour.
  5329 | D:5      | Reached skill level 5 in Spellcasting
  5329 | D:5      | Reached XP level 7. HP: 46/52 MP: 3/14
  6037 | D:5      | Reached XP level 8. HP: 58/61 MP: 12/17
  6106 | D:5      | Found a sparkling altar of Nemelex Xobeh.
  6473 | D:5      | Found an opulent altar of Gozag.
  6481 | D:5      | Fell from the grace of Ru
  6481 | D:5      | Became a worshipper of Gozag Ym Sagoz the Greedy
  6484 | D:5      | Found a burning altar of Makhleb.
  7870 | D:7      | Reached XP level 9. HP: 38/68 MP: 15/19
  7888 | D:7      | Learned a level 3 spell: Tukima's Dance
  7891 | D:7      | Learned a level 2 spell: Passwall
  8919 | D:8      | Reached skill level 5 in Dodging
  9667 | D:8      | Reached XP level 10. HP: 61/78 MP: 12/22
  9774 | D:8      | Found Karhyrezamn's Book Shoppe.
  9780 | D:8      | Bought a book of the Moon for 440 gold pieces
  9787 | D:8      | Noticed a two-headed ogre
  9795 | D:8      | HP: 2/78 [two-headed ogre/+0 giant club (12)]
  9796 | D:8      | Mangled by a two-headed ogre

Illustrated notes

Levels and vault maps discovered:
D:1:      saegor_arrival_simple_a, layout_loops_cross
D:2:      layout_loops_ring, ebering_ecumenical_altar_webs
D:3:      kennysheep_big_flooded_room, layout_loops_ring,
          okawaru_ov_weapons_minmay, lemuel_zombie_altar_yredelemnul
D:4:      layout_gridville, minmay_temple_entry_enclosed_plants, chequers_jeans,
          kennysheep_small_circle
D:5:      layout_gridville, nemelex_spade_bored_becter, minitemple,
          mainiacjoe_overflow_small_starburst, serial_shops,
          nicolae_stop_n_shop_2, kennysheep_decorative_pillar
D:6:      layout_loops_ring
D:7:      layout_gridville
D:8:      layout_basic, serial_shops, shop

Skill      XL: |  1  2  3  4  5  6  7  8  9 |
---------------+----------------------------+-----
Dodging        | 2 3 4 5 |  5.5
Conjurations   | 5 6 7 8 |  8.7
Maces & Flails | 1 |  1.1
Stealth        | 2 3 4 |  4.0
Spellcasting   | 3 5 6 7 8 |  8.4
Fighting       | 1 2 4 |  4.0
Shields        | 1 2 4 |  4.2
Axes           | 1 2 4 |  4.2

Action                   |  1- 3 |  4- 6 |  7- 9 | 10-12 || total
-------------------------+-------+-------+-------+-------++-------
Melee: Mace              |    31 |     5 |       |       ||    36
       Tailslap          |     1 |     2 |     7 |       ||    10
       Hand axe          |       |    18 |    71 |       ||    89
 Cast: Magic Dart        |    80 |   107 |    71 |       ||   258
       Searing Ray       |       |     8 |    46 |     3 ||    57
 Abil: Breathe Dispellin |       |       |    34 |     1 ||    35
  Use: Scroll            |     2 |       |     8 |       ||    10
       Potion            |       |       |     2 |       ||     2
 Stab: Distracted        |       |       |     1 |       ||     1
Armor: Skin              |    19 |     9 |    44 |       ||    72
Dodge: Dodged            |    24 |    28 |   125 |     1 ||   178
Block: Orb               |     3 |    10 |    51 |       ||    64
       Reflection        |       |       |     6 |       ||     6

Table legend: (Time is in decaauts)
 A = Elapsed time spent in this place.
 B = Non-inter-level travel time spent in this place.
 C = Inter-level travel time spent in this place.
 D = Time resting spent in this place.
 E = Time spent auto-exploring this place.
 F = Levels seen in this place.
 G = Mean time per level.
                   A        B        C        D        E       F      G
               +--------+--------+--------+--------+--------+-----+--------+
         Total |   9821 |   9625 |    196 |   1094 |   7046 |   8 | 1227.6 |
       Dungeon |   9821 |   9625 |    196 |   1094 |   7046 |   8 | 1227.6 |
               +--------+--------+--------+--------+--------+-----+--------+

Top non-repeatable levels by time:
     D:7: 1870 daAuts
     D:4: 1667 daAuts
     D:5: 1657 daAuts
     D:3: 1298 daAuts
     D:1: 1236 daAuts
     D:8: 984 daAuts
     D:2: 751 daAuts
     D:6: 355 daAuts
